 Dungeon Crawl Stone Soup version 0.30.0-29-ga12c61a403 (webtiles) character file.

Game seed: 8287331813148793767

60 hawla the Firebug (level 4, -1/34 HPs)
             Began as a Meteoran Fire Elementalist on June 8, 2023.
             Slain by an orc priest
             ... wielding a +0 hand axe
              (4 damage)
             ... on level 3 of the Dungeon.
             The game lasted 00:03:09 (361 turns).

hawla the Firebug (Meteoran Fire Elementalist)       Turns: 361, Time: 00:03:10

Health: -1/34      AC:  2    Str: 10    XL:     4   Next: 48%
Magic:  0/10       EV: 13    Int: 18    God:
Gold:   97         SH:  0    Dex: 14    Spells: 7/10 levels left

rFire   . . .        (no weapon)
rCold   . . .        (no shield)
rNeg    . . .        a - +0 robe
rPois   .            (no helmet)
rElec   .            (no cloak)
rCorr   .            (no gloves)
SInv    .            (no boots)
Will    .....        (no amulet)
Stlth   +            (no ring)
HPRegen 0.25/turn    (no ring)
MPRegen 0.12/turn

%: no passive effects
@: glowing
A: sense surroundings 1, otherworldly, glowing, explore regen
a: no special abilities


You were on level 3 of the Dungeon.
You visited 1 branch of the dungeon, and saw 3 of its levels.

You collected 97 gold pieces.

Inventory:

Armour
 a - a +0 robe (worn)
Scrolls
 d - a scroll of identify {unknown}


   Skills:
 + Level 0.7 Fighting
 + Level 3.0 Dodging
 - Level 1.4 Stealth
 + Level 3.5 Spellcasting
 + Level 1.6 Conjurations
 + Level 4.6 Fire Magic


You had 7 spell levels left.
You knew the following spells:

 Your Spells              Type           Power      Damage    Failure   Level
a - Foxfire               Conj/Fire      56%        2x1d6     4%          1
b - Scorch                Fire           38%        2d6       3%          2

Your spell library contained the following spells:

 Spells                   Type           Power      Damage    Failure   Level
 Inner Flame              Hex/Fire       11%        N/A       19%         3
 Volatile Blastmotes      Fire/Tloc      22%        2d11      19%         3
 Flame Wave               Conj/Fire      14%        2d6       38%         4


Dungeon Overview and Level Annotations

Branches:
Dungeon (3/15) Zot: 1438

Altars:


Innate Abilities, Weirdness & Mutations

You passively map a small area around you.
You are easily found by Zot.
You glow in the dark.
You regain HP and MP as you explore.


Message History

You conjure some foxfire!
It was a potion of curing.
You feel better.
The foxfire hits the orc priest but does no damage.
The orc priest is lightly wounded.
The foxfire hits the orc priest.
The orc priest is moderately wounded.
You hit the orc priest.
The orc priest is heavily wounded.
The orc priest closely misses you.
You hit the orc priest.
The orc priest is severely wounded.
The orc priest misses you.
You hit the orc priest but do no damage.
The orc priest is severely wounded.
The orc priest hits you with a +0 hand axe.
You hit the orc priest but do no damage.
The orc priest is severely wounded.
The orc priest invokes the aid of Beogh against you.
Pain shoots through your body!
You barely miss the orc priest.
The orc priest is severely wounded.
The orc priest hits you with a +0 hand axe.
Casting: Foxfire (safe; 4% risk of failure)
Confirm with . or Enter, or press ? or * to list all spells.
You conjure some foxfire!
The orc priest barely misses you.
The orc priest hits your foxfire with a +0 hand axe.
You hit the orc priest.
The orc priest is severely wounded.
The foxfire hits the orc priest.
The orc priest is severely wounded.
The foxfire hits the orc priest.
The orc priest is almost dead.
The orc priest calls down the wrath of Beogh upon you.
Beogh smites you!
* * * LOW HITPOINT WARNING * * *
You aren't carrying any potions.
You hit the orc priest.
The orc priest is almost dead.
The orc priest hits you with a +0 hand axe.
You die...

# #.# ##..P....., , #
#.# #..♣P♣.... * * ,
#######.# #.♣.♣♣♣ ♣. *
, .........*##....♣♣♣ #
,# #######..
#..P...♣*P##.# , ......
#.##..P♣♣..... #.#### *
* #.###.♣♣PP.## * # ,
#.# ##§.....#.. *
#.###@...P#.#.. ,,
#.##.o..P.#,..# , , *
.#........###.# * *,*
#........#...# * * * *
#..#......#.#.#
#.#..#.#......########
*
#......##...#.v.......†
#......o.).....########
, ...##.###v.#


You could see an orc priest.

Vanquished Creatures
  An orc priest (D:3)
  An ufetubus (D:3)
  A worm (D:3)
  3 orcs (D:3)
  4 bats
  3 endoplasms
  A giant cockroach (D:3)
  A goblin (D:2)
  2 hobgoblins (D:3)
  A frilled lizard (D:1)
  A kobold (D:2)
19 creatures vanquished.

Vanquished Creatures (others)
  43 foxfires
43 creatures vanquished.

Grand Total: 62 creatures vanquished

Notes
Turn   | Place    | Note
-------+----------+-------------------------------------------
     0 | D:1      | hawla the Meteoran Fire Elementalist began the quest for
                  | the Orb.
     0 | D:1      | Reached XP level 1. HP: 14/14 MP: 5/5
    58 | D:2      | Reached XP level 2. HP: 20/20 MP: 3/6
    98 | D:3      | Reached skill level 4 in Fire Magic
   120 | D:3      | Reached XP level 3. HP: 4/26 MP: 4/8
   129 | D:3      | Learned a level 2 spell: Scorch
   352 | D:3      | Reached XP level 4. HP: 34/34 MP: 1/10
   361 | D:3      | Slain by an orc priest

Illustrated notes

Levels and vault maps discovered:
D:1:      minmay_arrival_solitary_statue, layout_basic
D:2:      layout_loops_ring, shapermc_ecumenical_altar_mp_urbaneastern,
          kennysheep_generic_room_5
D:3:      layout_loops_ring, serial_forest, infiniplex_forest_end_1,
          infiniplex_forest_clump_medium, infiniplex_forest_corner_1,
          infiniplex_forest_lined_3, infiniplex_forest_clump_long,
          infiniplex_forest_clump_long, infiniplex_forest_clump_curved,
          st_stairs_9, chequers_jeans, kennysheep_generic_room_6

Skill      XL: |  1  2  3 |
---------------+----------+-----
Spellcasting   | 3 |  3.5
Fire Magic     | 4 |  4.6
Dodging        | 3 |  3.0
Fighting       | |  0.7
Stealth        | |  1.4
Conjurations   | |  1.6

Action                     |  1- 3 |  4- 6 || total
---------------------------+-------+-------++-------
  Melee: Unarmed           |     8 |     7 ||    15
   Cast: Foxfire           |    29 |     2 ||    31
         Scorch            |     4 |       ||     4
    Use: Potion            |     3 |     1 ||     4
         Scroll            |     1 |       ||     1
 Armour: Robe              |    15 |       ||    15
  Dodge: Dodged            |    22 |     3 ||    25
